 Dungeon Sprint DCSS version 0.31-a0-940-gdaa99269f9 (webtiles) character file.

Game seed: 5915892736101585433

1700000 dialectric the Axe Maniac (level 16, -2/152 HPs)
             Began as a Formicid Gladiator on Oct 20, 2023.
             Was a Priest of Makhleb.
             Slain by a bag of meat
             ... wielding a +9 war axe
              (47 damage)
             ... in the Dungeon (Sprint VIII: "Arena of Blood").
             The game lasted 00:00:34 (17 turns).

dialectric the Axe Maniac (Formicid Gladiator)        Turns: 17, Time: 00:00:34

Health: -2/152     AC:  3    Str: 24    XL:     16   Next: 63%
Magic:  16/16      EV: 29    Int:  9    God:    Makhleb [***...]
Gold:   0          SH:  0    Dex: 17    Spells: 15/15 levels left

rFire   . . .        h - +∞ Axe of Woe
rCold   . . .        (no shield)
rNeg    . . .        b - +0 leather armour
rPois   .            (helmet unavailable)
rElec   .            (no cloak)
rCorr   .            (no gloves)
SInv    +            (no boots)
Will    +....        (no amulet)
Stlth   +            (no ring)
HPRegen 0.45/turn    (no ring)
MPRegen 0.15/turn

%: no passive effects
@: no status effects
A: permanent stasis, dig shafts and tunnels, antennae 3, four strong arms
a: Dig, Renounce Religion, Minor Destruction, Lesser Servant of Makhleb


You were in the Dungeon.
You worshipped Makhleb.
Makhleb was most pleased with you.
You visited 1 branch

Inventory:

Hand Weapons
 a - a +0 war axe
 h - the +∞ Axe of Woe (weapon)
   (You found it in the Dungeon)
Missiles
 c - 3 throwing nets (quivered)
 d - a javelin
Armour
 b - a +0 leather armour (worn)
Jewellery
 i - a +30 ring of slaying
Potions
 e - a potion of curing
 f - a potion of heal wounds
 g - 2 potions of magic


   Skills:
 + Level 21.3 Fighting
 O Level 27 Axes
 + Level 16.0 Throwing
 + Level 2.2 Armour
 O Level 27 Dodging


You had 15 spell levels left.
You didn't know any spells.
Your spell library was empty.

Dungeon Overview and Level Annotations

Branches:
Dungeon (1/1)

Altars:
Makhleb


Innate Abilities, Weirdness & Mutations

You cannot be hasted, slowed, berserked, paralysed or teleported.
You can dig through walls and to a lower floor.
You have a pair of large antennae on your head. (SInv)
Your four strong arms can wield two-handed weapons with a shield.


Message History

The meat berserker shouts!
You hear a shout!
A bag of meat comes into view. It is wielding a +9 war axe.
Your Fighting skill gained 4 levels and is now at level 21!
Your Throwing skill gained 3 levels and is now at level 16!
Your Armour skill gained 2 levels and is now at level 2!
You have mastered Dodging!
You have reached level 16!
You feel stronger.
The bag of meat shouts!
You hear a shout!
A bag of meat comes into view. It is wielding a +9 war axe. x6
A meat berserker comes into view. It is wielding a +9 battleaxe.
A bag of meat comes into view. It is wielding a +9 war axe.
Unknown command.
A bag of meat comes into view. It is wielding a +9 war axe.
The bag of meat appears out of thin air!
A bag of meat comes into view. It is wielding a +9 war axe.
The bag of meat shouts! x4; You hear a shout! x3
A meat berserker comes into view. It is wielding a +9 battleaxe.
The meat berserker rages.
A bag of meat comes into view. It is wielding a +9 war axe.
A meat berserker and a bag of meat come into view.
The meat berserker appears out of thin air!
A meat berserker comes into view. It is wielding a +9 battleaxe.
The bag of meat appears out of thin air!
A bag of meat comes into view. It is wielding a +9 war axe.
The bag of meat shouts! x2; You hear a shout! x2
The meat berserker rages.
A bag of meat comes into view. It is wielding a +9 war axe. x2
The bag of meat hits you with a +9 war axe!!
You hear a shout! 3 bags of meat come into view.
The bag of meat shouts! x3; You hear a shout! x4
The meat berserker completely misses you.
The meat berserker attacks as it pursues you!
The meat berserker hits you with a +9 battleaxe!!!!
* * * LOW HITPOINT WARNING * * *
A bag of meat comes into view. It is wielding a +9 war axe.
The bag of meat attacks as it pursues you!
The bag of meat hits you with a +9 war axe!!!
You die...

.........
.....................
..#..................
.o.#....oo..#.......#{
...oo.#.... #..o....#{{
.o.#O.....###.......###.
......O.o.....o###......
.o.....#o.)))).._......
#.@O.o)o#)....#.
#.....Oo.))#_.<._#
#.O..#.o...o.#o....#
.......#........_......
....O...o..o.o.###......
...o......###o...,..###.
........... #.o.....#
o..........#.o... .#
..... ..


You could see 6 meat berserkers and 22 bags of meat.

Vanquished Creatures
  4 ogres (D)
  6 orcs (D)
10 creatures vanquished.

Notes
Turn   | Place    | Note
-------+----------+-------------------------------------------
     0 | D        | Found the +∞ Axe of Woe
     0 | D        | dialectric the Formicid Gladiator began the quest for the
                  | Orb.
     0 | D        | Reached XP level 1. HP: 16/16 MP: 1/1
     2 | D        | Noticed a meat berserker
     3 | D        | Noticed a bag of meat
     4 | D        | Became a worshipper of Makhleb the Destroyer
     4 | D        | Noticed a meat berserker
     5 | D        | Killed a meat berserker
     5 | D        | Noticed a meat berserker
     6 | D        | Reached XP level 2. HP: 38/38 MP: 2/2
     6 | D        | Reached XP level 3. HP: 44/44 MP: 3/3
     6 | D        | Reached XP level 4. HP: 51/51 MP: 4/4
     6 | D        | Reached XP level 5. HP: 57/57 MP: 5/5
     6 | D        | Reached XP level 6. HP: 64/64 MP: 6/6
     6 | D        | Reached XP level 7. HP: 69/69 MP: 7/7
     6 | D        | Reached XP level 8. HP: 76/76 MP: 8/8
     6 | D        | Reached XP level 9. HP: 82/82 MP: 9/9
     6 | D        | Reached XP level 10. HP: 89/89 MP: 10/10
     6 | D        | Reached XP level 11. HP: 95/95 MP: 11/11
     6 | D        | Reached XP level 12. HP: 102/102 MP: 12/12
     6 | D        | Noticed a bag of meat
     6 | D        | Noticed a bag of meat
     6 | D        | Noticed a bag of meat
     6 | D        | Noticed a bag of meat
     7 | D        | Noticed a meat berserker
     8 | D        | Noticed a bag of meat
     8 | D        | Noticed a bag of meat
     8 | D        | Noticed a bag of meat
     8 | D        | Noticed a bag of meat
     9 | D        | Noticed a bag of meat
     9 | D        | Noticed a meat berserker
     9 | D        | Noticed a bag of meat
    10 | D        | Killed a bag of meat
    10 | D        | Reached * piety under Makhleb
    10 | D        | Killed a meat berserker
    10 | D        | Killed a bag of meat
    10 | D        | Noticed a bag of meat
    10 | D        | Noticed a bag of meat
    10 | D        | Noticed a bag of meat
    11 | D        | Reached skill level 15 in Fighting
    11 | D        | Reached XP level 13. HP: 116/116 MP: 13/13
    11 | D        | Reached XP level 14. HP: 123/123 MP: 14/14
    11 | D        | Killed a bag of meat
    11 | D        | Reached ** piety under Makhleb
    11 | D        | Killed a meat berserker
    11 | D        | Killed a bag of meat
    12 | D        | Reached skill level 27 in Axes
    12 | D        | Reached XP level 15. HP: 136/136 MP: 15/15
    13 | D        | Noticed a meat berserker
    13 | D        | Reached *** piety under Makhleb
    13 | D        | Killed a meat berserker
    13 | D        | Noticed a meat berserker
    14 | D        | Reached skill level 27 in Dodging
    14 | D        | Reached XP level 16. HP: 152/152 MP: 16/16
    14 | D        | Noticed a meat berserker
    15 | D        | Noticed a meat berserker
    16 | D        | Noticed a meat berserker
    17 | D        | Noticed a meat berserker
    17 | D        | Slain by a bag of meat

Illustrated notes

Levels and vault maps discovered:
D:        meatsprint

Skill      XL: |  1  2  3  4  5  6  7  8  9 10 11 12 13 14 15 |
---------------+----------------------------------------------+-----
Fighting       | 11 15 17 21 | 21.3
Axes           | 19 24 27 | 27.0
Throwing       | 9 11 13 16 | 16.0
Dodging        | 17 21 24 27 | 27.0
Armour         | 2 |  2.2

Action                     |  1- 3 |  4- 6 |  7- 9 | 10-12 | 13-15 | 16-18 || total
---------------------------+-------+-------+-------+-------+-------+-------++-------
  Melee: Executioner's axe |     1 |       |       |     1 |     2 |       ||     4
 Armour: Leather armour    |       |       |       |     1 |       |     3 ||     4
  Dodge: Dodged            |     1 |       |       |       |       |     1 ||     2

Table legend: (Time is in decaauts)
 A = Elapsed time spent in this place.
 B = Non-inter-level travel time spent in this place.
 C = Inter-level travel time spent in this place.
 D = Time resting spent in this place.
 E = Time spent auto-exploring this place.
 F = Levels seen in this place.
 G = Mean time per level.
                   A        B        C        D        E       F      G
               +--------+--------+--------+--------+--------+-----+--------+
         Total |     16 |     16 |      0 |      0 |      0 |   1 |   16.0 |
       Dungeon |     16 |     16 |      0 |      0 |      0 |   1 |   16.0 |
               +--------+--------+--------+--------+--------+-----+--------+

Top non-repeatable levels by time:
       D: 16 daAuts
